 Dungeon Crawl Stone Soup version 0.29.1-14-g9c671dbff4 (webtiles) character file.

Game seed: 17072577152101411220

12854 EndlessMike the Carver (level 11, -1/68 HPs)
             Began as a Vampire Delver on Feb 20, 2023.
             Was an Initiate of Gozag.
             Slain by a polar bear (2 damage)
             ... on level 1 of the Lair of Beasts.
             The game lasted 00:49:53 (15356 turns).

EndlessMike the Carver (Vampire Delver)            Turns: 15356, Time: 00:49:54

Health: -1/68      AC:  0    Str:  9 (13) XL:     11   Next: 67%
Magic:  9/11       EV: 19    Int: 12 (16) God:    Gozag
Gold:   1154       SH:  0    Dex: 17 (20) Spells: 5/10 levels left

rFire   . . .      SeeInvis +   (weapon currently unavailable)
rCold   + + .      Faith    .   (shield currently unavailable)
rNeg    + + +      Spirit   .   (body armour currently unavailable)
rPois   ∞          Reflect  .   (helmet currently unavailable)
rElec   .          Harm     .   (cloak currently unavailable)
rCorr   .          Rampage  .   (gloves currently unavailable)
Will    +....                   (boots currently unavailable)
Stlth   ++++++....              (no amulet)
HPRegen 0.00/turn               (ring currently unavailable)
MPRegen 0.12/turn               (ring currently unavailable)

@: bat-form, flying, bloodless, inhibited regen, very quick
A: fast, flying, no casting, tiny, bloodless, fangs 3, see invisible, vampiric 2
a: Revivify, End Transformation, Renounce Religion, Potion Petition, Call
Merchant, Bribe Branch


You were on level 1 of the Lair of Beasts.
You worshipped Gozag.
Gozag was most pleased with you.
You were a vampire bat.
You visited 4 branches of the dungeon, and saw 14 of its levels.

You collected 1364 gold pieces.
You paid 210 gold pieces to Gozag.

Inventory:

Hand Weapons
 l - the +7 Throatcutter (melded) {drain, coup de grace}
   (You found it on level 6 of the Dungeon)

   A truly terrible weapon, it drains the life of any living foe it strikes.
   It may instantly kill foes which have little health.
Missiles
 a - 9 curare-tipped darts (quivered)
 o - 54 poisoned darts
Armour
 u - a +0 pair of boots (melded)
 y - the +5 chain mail "Wuwiym" (melded) {Will+ Int+5 Dex+2 Stlth-}
   (You found it on level 5 of the Dungeon)

   Int:       It affects your intelligence (+5).
   Dex:       It affects your dexterity (+2).
   Will:      It increases your willpower.
   Stlth:     It makes you less stealthy.
 H - a scarf of resistance (melded)
 O - a +0 hat of see invisible (melded)
Jewellery
 f - a +6 ring of dexterity (melded)
 k - a +4 ring of slaying
 n - a +6 ring of dexterity
 v - an amulet of magic regeneration
 x - a ring of wizardry
 G - a +4 ring of protection (melded)
 I - a +6 ring of dexterity
 K - a ring of ice
 N - a ring of resist corrosion
Wands
 g - a wand of digging (1)
 i - a wand of charming (7)
 B - a wand of mindburst (1)
 L - a wand of flame (5)
Scrolls
 c - 3 scrolls of fog
 d - 4 scrolls of magic mapping
 h - a scroll of vulnerability
 j - 2 scrolls of enchant armour
 m - a scroll of amnesia
 p - 2 scrolls of teleportation
 w - 2 scrolls of fear
 C - a scroll of noise {unknown}
 M - a scroll of silence {unknown}
Potions
 b - a potion of degeneration {unknown}
 e - a potion of might
 q - 2 potions of attraction
 r - 4 potions of brilliance {unknown}
 s - a potion of lignification {unknown}
 t - 3 potions of mutation {unknown}
 z - 2 potions of flight
 A - 3 potions of haste
 D - 2 potions of heal wounds
 E - a potion of curing
 F - 2 potions of cancellation {unknown}
 J - a potion of ambrosia {unknown}


   Skills:
 - Level 7.7 Fighting
 + Level 11.8 Long Blades
 - Level 10.0 Armour
 - Level 2.1 Dodging
 - Level 7.2 Stealth
 * Level 0.0 Hexes
 * Level 0.0 Ice Magic
 - Level 3.0 Air Magic
 - Level 3.0 Poison Magic


You had 5 spell levels left.
You knew the following spells:

 Your Spells              Type           Power      Damage    Failure   Level
a - Ensorcelled Hibernat  Hex/Ice        0%         N/A       45%         2
c - Poisonous Vapours     Pois/Air       14%        N/A       14%         2
z - Sting                 Tmut/Pois      12%        1d3       19%         1

Your spell library contained the following spells:

 Spells                   Type           Power      Damage    Failure   Level
 Freeze                   Ice            0%         1d3       32%         1
 Spider Form              Tmut/Pois      3%         N/A       47%         3
 Olgreb's Toxic Radiance  Pois           7%         N/A       67%         4
 Dazzling Flash           Conj/Hex       0%         N/A       69%         3
 Frozen Ramparts          Ice            0%         1d1       69%         3
 Anguish                  Hex/Necr       0%         N/A       97%         4
 Hailstorm                Conj/Ice       0%         3d3       97%         4
 Ice Form                 Ice/Tmut       0%         N/A       97%         4
 Iskenderun's Mystic Bla  Conj/Tloc      0%         2d3       97%         4
 Alistair's Intoxication  Tmut/Pois      2%         N/A       99%         5
 Silence                  Hex/Air        1%         N/A       99%         5
 Agony                    Necr           0%         N/A       100%        5
 Borgnjor's Vile Clutch   Necr/Erth      0%         N/A       100%        5
 Eringya's Noxious Bog    Tmut/Pois      1%         N/A       100%        6
 Starburst                Conj/Fire      0%         6d3       100%        6
 Ozocubu's Refrigeration  Ice            0%         4d7       100%        7
 Ignition                 Fire           0%         3d3       100%        8
 Simulacrum               Ice/Necr       Unusable   N/A       N/A         6

Dungeon Overview and Level Annotations

Branches:
Dungeon (11/15)            Temple (1/1) D:5            Lair (1/5) D:10
    Orc (1/2) D:10

Altars:
Ashenzari
Cheibriados
Dithmenos
Fedhas
Gozag
Hepliaklqana
Kikubaaqudgha
Makhleb
Nemelex Xobeh
Okawaru
Qazlal
Ru
Sif Muna
Trog
Uskayaw
Vehumet
Wu Jian
Xom
Yredelemnul

Shops:
D:2 =   D:10 [

Annotations:
D:2 Terence
D:4 3 runed translucent doors, fitz's ghost, amateur HOFi
D:7 1 runed translucent door
D:11 Urug


Innate Abilities, Weirdness & Mutations

You are a vampire bat.
You are tiny and dextrous.
You move quickly.
You are flying.
You are immune to poison.
Your equipment is almost entirely melded.
You are incapable of wielding weapons or throwing items.
You cannot cast spells.
You do not regenerate when monsters are visible.
You are frail without blood (-20% HP).
You can heal yourself when you bite living creatures.
You are immune to poison.
You have razor-sharp teeth.
You have supernaturally acute eyesight. (SInv)
You are afflicted with vampirism and can become a bat while bloodless.


Message History

Memorise Ensorcelled Hibernation, consuming 2 spell levels and leaving 5?
You start memorising the spell.
You continue memorising. x2
You finish memorising.
Spell assigned to 'a'.
D - 2 potions of heal wounds A boulder beetle comes into view.
The boulder beetle moves out of view.
The polar bear growls angrily.
The boulder beetle bites you but does no damage.
You hit the boulder beetle but do no damage.
You drain the boulder beetle.
The boulder beetle is lightly wounded.
The boulder beetle bites you!
The boulder beetle attacks as you move away!
The boulder beetle bites you.
The boulder beetle curls into a ball and begins rolling!
The boulder beetle attacks as you move away!
The boulder beetle hits you.
The boulder beetle stops rolling and uncurls.
The boulder beetle curls into a ball and begins rolling!
The boulder beetle hits you!
The boulder beetle stops rolling and uncurls.
The boulder beetle attacks as you move away!
The boulder beetle bites you!
You turn into a vampire bat.
The +7 Throatcutter {drain, coup de grace} melds into your body.
Your scarf of resistance melds into your body.
Your +0 hat of see invisible melds into your body.
Your +0 pair of boots melds into your body.
The +5 chain mail "Wuwiym" {Will+ Int+5 Dex+2 Stlth-} melds into your body.
Your +6 ring of dexterity melds into your body.
Your +4 ring of protection melds into your body.
You feel hot and cold all over.
You feel clumsy.
You feel weakened.
You feel dopey.
You feel clumsy. The boulder beetle bites you!!
* * * LOW HITPOINT WARNING * * *
The polar bear barely misses you. The polar bear claws you.
* * * LOW HITPOINT WARNING * * *
The polar bear claws you.
You die...
Your body crumbles into a pile of gold.

#.....# ## #..##..## #. ....#
##..# ##... ###. ..... ##.##
...... #... .... ##.## ......#
##... .... #..### ......#.##....
... ##...### #............. ...
#...h.####............ .
##..Bb................ ...#
##.................## #...
##...######.......### #..#
##....# ##.....## #.## ####...#.#
##......## #..####.#..#####
##........## #.........##
###..........# #.........#
##.........P..##
##....#....#######..#......#.....


You could see a boulder beetle (drained) and a polar bear.

Vanquished Creatures
  Gastronok (D:11)
  An oklob plant (D:10)
  A gargoyle (D:9)
  Psyche (D:10)
  A cane toad (Lair:1)
  A troll (D:10)
  2 hornets
  Grinder (D:4)
  A wyvern (D:7)
  A shadow (D:11)
  A wraith (D:10)
  18 yaks
  A steam dragon (D:8)
  A vampire mosquito (D:7)
  Menkaure (D:5)
  3 acid dragons
  2 water moccasins
  8 orc warriors
  An ice beast (D:8)
  3 black bears
  6 wolves (Lair:1)
  2 ogres
  2 centaurs
  10 kobold brigands
  2 phantoms
  Blork the orc (D:4)
  6 bullfrogs
  4 gnoll sergeants
  3 necrophages
  7 scorpions
  3 wights (D:9)
  6 howler monkeys
  A jelly (D:6)
  10 orc priests
  4 hounds
  6 iguanas
  Ijyb (D:3)
  16 orc wizards
  15 gnolls
  4 adders
  3 worms
  A dart slug (D:3)
  35 orcs
  4 endoplasms
  6 giant cockroaches
  9 goblins
  4 hobgoblins
  14 kobolds
  2 quokkas
  3 ball pythons
  6 bats
  3 frilled lizards
  7 rats
256 creatures vanquished.

Vanquished Creatures (others)
  3 fungi (Lair:1)
  14 plants
17 creatures vanquished.

Grand Total: 273 creatures vanquished

Notes
Turn   | Place    | Note
-------+----------+-------------------------------------------
     0 | D:5      | EndlessMike the Vampire Delver began the quest for the Orb.
     0 | D:5      | Reached XP level 1. HP: 17/17 MP: 1/1
    13 | D:5      | Noticed a hound
    13 | D:5      | Noticed an iguana
    19 | D:6      | Noticed a howler monkey
    46 | D:6      | Found an iron altar of Okawaru.
    46 | D:6      | Noticed a hound
    91 | D:6      | Noticed a necrophage
   145 | D:5      | Noticed an iguana
   188 | D:5      | Noticed a scorpion
   230 | D:5      | Noticed a phantom
   232 | D:5      | Noticed an iguana
   316 | D:4      | Noticed a scorpion
   445 | D:4      | Noticed a black bear
   454 | D:4      | Found a bloodstained altar of Trog.
   630 | D:3      | Reached skill level 3 in Long Blades
   630 | D:3      | Reached XP level 2. HP: 21/23 MP: 2/2
   659 | D:3      | Noticed Ijyb
   776 | D:3      | Found a faded altar of an unknown god.
   795 | D:3      | Learned a level 1 spell: Sting
   993 | D:3      | Found an ancient bone altar of Kikubaaqudgha.
  1022 | D:2      | Gained mutation: You are afflicted with vampirism and can
                  | become a bat while bloodless. [Vampire growth]
  1022 | D:2      | Reached XP level 3. HP: 15/28 MP: 3/3
  1157 | D:2      | Found Fuifo's Jewellery Shop.
  1441 | D:2      | Noticed Terence
  1984 | D:1      | You fall into a shaft and drop 1 floor!
  2291 | D:1      | Reached skill level 4 in Long Blades
  3231 | D:3      | Reached XP level 4. HP: 17/27 MP: 4/4
  3373 | D:3      | Killed Ijyb
  3374 | D:3      | Reached skill level 5 in Long Blades
  3712 | D:3      | Found a stormy altar of Qazlal.
  4617 | D:4      | Noticed Blork the orc
  4640 | D:4      | Found a runed translucent gate.
  4642 | D:4      | Found a runed translucent gate.
  4642 | D:4      | Found a runed translucent gate.
  4644 | D:4      | Noticed fitz's ghost (amateur HOFi)
  4646 | D:4      | Noticed Grinder
  4749 | D:5      | Reached XP level 5. HP: 5/31 MP: 5/5
  5135 | D:5      | Found a staircase to the Ecumenical Temple.
  5207 | D:4      | Reached skill level 6 in Long Blades
  5207 | D:4      | Reached XP level 6. HP: 32/36 MP: 6/6
  5252 | D:4      | Learned a level 2 spell: Poisonous Vapours
  5535 | D:4      | Reached skill level 1 in Air Magic
  5537 | D:4      | Reached skill level 1 in Poison Magic
  5983 | D:4      | Killed Blork the orc
  5984 | D:4      | Reached XP level 7. HP: 26/40 MP: 1/7
  6845 | D:6      | Found a hide-covered altar of Uskayaw.
  6855 | D:6      | Reached skill level 7 in Long Blades
  7230 | D:6      | Reached skill level 8 in Long Blades
  7257 | D:6      | Reached XP level 8. HP: 37/47 MP: 8/8
  7631 | D:6      | Found the +7 Throatcutter {drain, coup de grace}
  7635 | D:6      | Reached skill level 10 in Long Blades
  7635 | D:6      | Reached skill level 1 in Armour
  8061 | D:5      | Noticed Menkaure
  8063 | D:5      | Killed Menkaure
  8064 | D:5      | Reached XP level 9. HP: 62/62 MP: 9/9
  8091 | D:5      | Identified the +5 chain mail "Wuwiym" {Will+ Int+5 Dex+2
                  | Stlth-}
  8251 | D:4      | Killed Grinder
  8394 | D:7      | Reached skill level 5 in Armour
  8543 | D:7      | Found a runed translucent door.
  8545 | D:7      | Found a runed translucent door.
  9249 | D:8      | Reached skill level 5 in Fighting
  9331 | D:7      | Reached XP level 10. HP: 46/74 MP: 10/10
 10363 | D:9      | Noticed a gargoyle
 10413 | D:9      | Killed a gargoyle
 10758 | D:9      | Noticed a gargoyle
 11749 | D:10     | Entered Level 10 of the Dungeon
 11757 | D:10     | Reached skill level 10 in Armour
 11875 | Temple   | Entered the Ecumenical Temple
 11999 | Temple   | Became a worshipper of Gozag Ym Sagoz the Greedy
 12177 | D:10     | Found a staircase to the Orcish Mines.
 12465 | D:10     | Reached XP level 11. HP: 59/64 MP: 11/11
 12658 | D:10     | Found a staircase to the Lair.
 12658 | D:10     | Noticed an oklob plant
 12669 | D:10     | Noticed Psyche
 12678 | D:10     | Killed Psyche
 13091 | D:10     | Found Rosihong's Antique Armour Shop.
 13197 | D:10     | Found a burning altar of Makhleb.
 13394 | D:10     | Killed an oklob plant
 13579 | D:11     | Noticed Urug
 13832 | Orc:1    | Entered Level 1 of the Orcish Mines
 14248 | D:11     | Noticed Gastronok
 14278 | D:11     | Killed Gastronok
 14279 | D:11     | Reached skill level 11 in Long Blades
 14476 | D:11     | Found a basalt altar of Yredelemnul.
 14766 | Lair:1   | Entered Level 1 of the Lair of Beasts
 15306 | Lair:1   | Learned a level 2 spell: Ensorcelled Hibernation
 15340 | Lair:1   | Noticed a boulder beetle
 15356 | Lair:1   | HP: 1/68 [polar bear (4)]
 15356 | Lair:1   | Slain by a polar bear

Illustrated notes

Levels and vault maps discovered:
D:1:      wheals_arrival_shading, layout_basic
D:2:      layout_basic, serial_shops, shop_fountains, minmay_tromino_v7,
          uniq_terence
D:3:      layout_basic, kiku_gazebo_pond_becter,
          mainiacjoe_overflow_concentric_impassable,
          hellmonk_ecumenical_altar_blasted, uniq_ijyb
D:4:      layout_basic, mainiacjoe_overflow_boulevard, lemuel_tele_altar,
          ebering_ghost_rock_garden, uniq_grinder, uniq_blork_the_orc
D:5:      layout_basic, temple_statues, kennysheep_small_square, uniq_menkaure
D:6:      layout_rooms, nicolae_uskayaw_dance_hall, okawaru_gym_becter,
          glass_columns_a, dk_vineyard_3, kennysheep_nub,
          dilly_guarded_unrand_throatcut
D:7:      lemuel_insect_pit, layout_basic
D:8:      layout_basic
D:9:      layout_irregular_city, chequers_serial_rivers_micro_e
D:10:     layout_roguey, bloody_makhleb, dpeg_oklobed_lair,
          kennysheep_orc_monster_closet_entryway, serial_shops, shop,
          uniq_psyche
D:11:     layout_irregular_city, yredelemnul_altar_generic, uniq_urug,
          uniq_grum, uniq_gastronok, uniq_sonja
Temple:   nicolae_temple_superstar
Lair:1:   layout_layer_cave, chequers_serial_rivers_micro_a, lemuel_oklob_altar
Orc:1:    layout_caves, serial_shops, nicolae_shop_hallway_plus,
          trog_butcher_becter

Skill      XL: |  1  2  3  4  5  6  7  8  9 10 11 |
---------------+----------------------------------+-----
Long Blades    | 3 4 5 6 8 10 11 | 11.8
Air Magic      | 2 3 |  3.0
Poison Magic   | 2 3 |  3.0
Armour         | 3 6 10 | 10.0
Fighting       | 5 7 |  7.7
Dodging        | |  2.1
Stealth        | |  7.2

Action                   |  1- 3 |  4- 6 |  7- 9 | 10-12 || total
-------------------------+-------+-------+-------+-------++-------
Melee: Falchion          |    80 |    87 |    85 |       ||   252
       Bite              |     5 |    13 |    19 |    29 ||    66
       Punch             |       |       |     4 |     4 ||     8
       Long sword        |       |       |   104 |   274 ||   378
Throw: Dart              |     2 |    33 |       |    19 ||    54
 Cast: Poisonous Vapours |       |    12 |     8 |     1 ||    21
       Sting             |       |     4 |     5 |       ||     9
 Abil: Bat Form          |     2 |     1 |     1 |     2 ||     6
       End Transformatio |     2 |     1 |       |     1 ||     4
       Exsanguinate      |     1 |       |       |     1 ||     2
       Revivify          |       |       |     1 |       ||     1
Evoke: Wand              |       |     1 |     4 |    17 ||    22
  Use: Scroll            |     7 |     2 |     1 |     5 ||    15
       Potion            |     1 |       |     2 |       ||     3
 Stab: Sleeping          |    14 |       |     7 |     1 ||    22
       Distracted        |     1 |     1 |     1 |     3 ||     6
Armor: Leather armour    |    21 |    33 |    34 |       ||    88
       Chain mail        |       |       |    59 |   151 ||   210
Dodge: Dodged            |    59 |    70 |   105 |   101 ||   335
